 Dungeon Crawl Stone Soup version 0.30-a0-949-g53dc5368d7 (webtiles) character file.

Game seed: 14872298519484769936

14 2tousent the Magician (level 2, -2/22 HPs)
             Began as a Djinni Fire Elementalist on Mar 27, 2023.
             Slain by a goblin
             ... wielding a +0 dagger
             ... led by Robin
              (3 damage)
             ... on level 2 of the Dungeon.
             The game lasted 00:01:31 (463 turns).

2tousent the Magician (Djinni Fire Elementalist)     Turns: 463, Time: 00:01:31

Health: -2/22      AC:  2    Str:  7    XL:     2   Next: 60%
Gold:   23         EV: 12    Int: 16    God:
                   SH:  0    Dex: 13

rFire   + + .      SeeInvis .    (no weapon)
rCold   x . .      Faith    .    (no shield)
rNeg    . . .      Spirit   .    a - +0 robe
rPois   ∞          Reflect  .    (no helmet)
rElec   .          Rampage  .    (no cloak)
rCorr   .                        (no gloves)
Will    .....                    (boots unavailable)
Stlth   +                        (no amulet)
HPRegen 0.23/turn                (no ring)
MPRegen 0.00/turn                (no ring)

@: silenced, flying
A: sickness immunity, fire resistance 2, cold vulnerability 1, float, innate
caster, HP casting, extra vitality 1
a: no special abilities


You were on level 2 of the Dungeon.
You visited 1 branch of the dungeon, and saw 2 of its levels.

You collected 23 gold pieces.

Inventory:

Armour
 a - a +0 robe (worn)
Potions
 c - 2 potions of mutation {unknown}
 e - a potion of might {unknown}
 f - a potion of curing {unknown}


   Skills:
 + Level 0.8 Fighting
 + Level 2.5 Dodging
 - Level 1.5 Stealth
 * Level 2.7 Spellcasting


You knew the following spells:

 Your Spells              Type           Power      Damage    Failure   Level
a - Foxfire               Conj/Fire      40%        2x1d6     6%          1
b - Scorch                Fire           20%        2d6       10%         2
c - Kindle Blastsparks    Fire/Tloc/Air  20%        2d11      19%         3
d - Inner Flame           Hex/Fire       10%        N/A       19%         3
e - Flame Wave            Conj/Fire      10%        2d6       52%         4
Your spell library was empty.

Dungeon Overview and Level Annotations

Branches:
Dungeon (2/15)

Altars:

Annotations:
D:2 Robin


Innate Abilities, Weirdness & Mutations

You are immune to sickness and miasma.
You are immune to poison.
Your flesh is very heat resistant. (rF++)
You are vulnerable to cold. (rC-)
You float through the air rather than walking.
You learn spells naturally, not from books.
Your magical power is your life essence.
You have superior vitality. (+4 MHP)


Message History

The goblin closely misses you.
The foxfire hits the goblin.
You kill the goblin!
Robin of the Strong Arm comes into view.
They are wielding a +4 club.
Found a scroll labelled XUH NIOH LION and a murky cyan potion.
The foxfire hits the goblin.
You kill the goblin!
A goblin comes into view. It is wielding a +0 dagger.
Robin throws the goblin at you!
Your magical contamination has completely faded away.
You see here a +0 dagger.
A goblin comes into view. It is wielding a +0 dagger.
A goblin comes into view. It is wielding a +0 club.
Found a stone staircase leading up.
A hobgoblin comes into view.
A goblin comes into view. It is wielding a +0 dagger.
Okay, then.
Robin throws the goblin at you!
The hobgoblin shouts!
Robin roars a battlecry!
The goblins go into a battle-frenzy!
The goblin shouts!
You hear a shout! x2
The goblin closely misses you. Robin throws the goblin at you!
The goblin hits you with a +0 dagger. The goblin attacks as you move away!
The goblin hits you with a +0 dagger. The goblin attacks as you move away!
The goblin hits you with a +0 dagger.
* * * LOW HITPOINT WARNING * * *
There is a stone staircase leading up here.
The goblin completely misses you.
As you read the scroll labelled ATEDED WECSAUKK, it crumbles to dust.
You feel aware of your surroundings.
It was a scroll of magic mapping.
The goblin barely misses you. The goblin misses you.
The goblin hits you with a +0 dagger.
* * * LOW HITPOINT WARNING * * *
As you read the scroll labelled JESHAU FERYINO, it crumbles to dust.
A profound silence engulfs you.
It was a scroll of silence.
The goblin misses you. The goblin hits you but does no damage.
The goblin hits you with a +0 dagger.
You die...

******#.)#........**,,,,,,,,,,
#.......#**,>,,,,,,,,,,,
##..##.g.###***,,,,,,,,,*
#####..####g...###*,,,,,,,,,,
#......# #.......##..,,,,,,,,
##.....###...........******,,
##......#......##..#* *,,,
####.#...ggg......# *,*,
**#......@g......#** **,*,
*,....#...........,***,,*,
*,....#...........,,,,,,,,
*,....#########.##,,,,,,,,
*,..,,* *.#*,,,,***, *******
****,,,,**,****
*,,,,,,***,,*** *,,,,,,*
*,,,,* *,,,,,,* ******


You could see Robin and 5 goblins.

Vanquished Creatures
  A ball python (D:1)
  3 endoplasms
  3 goblins
  2 hobgoblins (D:1)
  2 kobolds (D:1)
11 creatures vanquished.

Vanquished Creatures (others)
  27 foxfires
27 creatures vanquished.

Grand Total: 38 creatures vanquished

Notes
Turn   | Place    | Note
-------+----------+-------------------------------------------
     0 | D:1      | 2tousent the Djinni Fire Elementalist began the quest for
                  | the Orb.
     0 | D:1      | 2tousent set off with the following spells memorised:
                  | Foxfire, Scorch, Kindle Blastsparks, Inner Flame, Flame
                  | Wave.
     0 | D:1      | Reached XP level 1. HP: 15/15 MP: 0/0
   275 | D:1      | Reached XP level 2. HP: 7/22 MP: 0/0
   431 | D:1      | You are sucked into a shaft and drop 1 floor!
   449 | D:2      | Noticed Robin
   462 | D:2      | HP: 1/22 [goblin/+0 dagger[Robin] (2)]
   463 | D:2      | Slain by a goblin

Illustrated notes

Levels and vault maps discovered:
D:1:      minmay_arrival_radiant_lines, layout_loops_ring, eino_curves_04
D:2:      layout_rooms, uniq_robin

Action                     || total
---------------------------++-------
  Melee: Unarmed           ||    13
         Punch             ||     1
   Cast: Foxfire           ||    17
         Scorch            ||     1
    Use: Scroll            ||     2
 Armour: Robe              ||     6
  Dodge: Dodged            ||    20

Table legend: (Time is in decaauts)
 A = Elapsed time spent in this place.
 B = Non-inter-level travel time spent in this place.
 C = Inter-level travel time spent in this place.
 D = Time resting spent in this place.
 E = Time spent auto-exploring this place.
 F = Levels seen in this place.
 G = Mean time per level.
                   A        B        C        D        E       F      G
               +--------+--------+--------+--------+--------+-----+--------+
         Total |    462 |    462 |      0 |      0 |    377 |   2 |  231.0 |
       Dungeon |    462 |    462 |      0 |      0 |    377 |   2 |  231.0 |
               +--------+--------+--------+--------+--------+-----+--------+

Top non-repeatable levels by time:
     D:1: 431 daAuts
     D:2: 31 daAuts
